 Dungeon Crawl Stone Soup version 0.17-a0-1181-gabc46e6 (webtiles) character file.

27 SWAGNEMITE the Sneak (level 3, 0/30 HPs)
             Began as a Naga Enchanter on May 31, 2015.
             Engulfed by a cloud of flame (28 damage)
             ... on level 2 of the Dungeon.
             The game lasted 00:03:02 (1382 turns).

SWAGNEMITE the Sneak (Naga Enchanter)               Turns: 1382, Time: 00:03:03

Health: 0/30       AC:  5    Str: 10    XL:     3   Next: 10%
Magic:  6/6        EV: 10    Int: 16    God:
Gold:   98         SH:  0    Dex: 11    Spells: 3 memorised, 0 levels left

rFire  . . .     SeeInvis +     a - +1 dagger
rCold  . . .     Clarity  .     b - +1 robe
rNeg   . . .     SustAt   +     (no shield)
rPois  +         Gourm    .     f - +2 hat
rElec  .         Spirit   .     (no cloak)
rCorr  .         Warding  .     (no gloves)
rMut   .         Stasis   .     (no barding)
MR     .....                    (no amulet)
Stlth  +++.......               (no ring)
                                h - ring of sustain attributes

@: very slow, not resistant to hostile enchantments, fairly stealthy
A: see invisible, deformed body, poison resistance, slowness 2, slow metabolism
1, spit poison 2, AC +1
a: Spit Poison


You were on level 2 of the Dungeon.
You were not hungry.

You visited 1 branch of the dungeon, and saw 2 of its levels.

You collected 98 gold pieces.

Inventory:

Hand weapons
 a - a +1 dagger (weapon)
Armour
 b - a +1 robe (worn)
 f - a +2 hat (worn)
   (You found it on level 1 of the Dungeon)
Jewellery
 h - a ring of sustain attributes (left hand)
   (You found it on level 1 of the Dungeon)
Scrolls
 g - a scroll of teleportation {unknown}
 l - a scroll of fear {unknown}
Potions
 e - 2 potions of curing {unknown}
 i - a potion of cure mutation {unknown}
 j - a potion of poison {unknown}
Books
 c - a book of Maledictions
Comestibles
 d - a bread ration {@e1}
 k - a meat ration {@e2}
 m - a chunk of flesh {@w0}
 n - a slice of pizza


   Skills:
 + Level 0.6 Fighting
 * Level 1.7 Short Blades
 + Level 1.7 Dodging
 * Level 4.9 Stealth
 - Level 2.0 Spellcasting
 * Level 3.3 Hexes


You couldn't memorise any spells.
You knew the following spells:

 Your Spells              Type           Power        Failure   Level  Hunger
a - Ensorcelled Hibernat  Hex/Ice        #.....       17%         2    ###....
c - Confuse               Hex            ##......     17%         3    ###....
v - Corona                Hex            ##.....      8%          1    #......


Dungeon Overview and Level Annotations

Branches:
Dungeon (2/15)

Altars:


Innate Abilities, Weirdness & Mutations

You cannot wear boots.
Your serpentine skin is tough (AC +1).
You have supernaturally acute eyesight.
Armour fits poorly on your strangely shaped body.
Your system is resistant to poisons.
You cover ground very slowly.
You have a slow metabolism.
You can spit poison.


Message History

A bat comes into view.
A bat is nearby!
A giant gecko comes into view.
The helpless giant gecko fails to defend itself.
You impale the giant gecko!!
You kill the giant gecko!
The bat hits you but does no damage.
You barely miss the bat. The bat hits you but does no damage.
The bat hits you. x2
The bat misses you.
You take 2 damage, and have 22/24 hp.
You hit the bat.
You kill the bat!
No target in view!
No target in view!
No target in view!
Found a stone staircase leading down.
No target in view!
No target in view!
No target in view!
k - a meat ration {@e2} You are feeling hungry.
Health restored: 24 No target in view!
l - a scroll labeled YQUEPT WIMM Eat which item? (? for menu, Esc to quit)
Okay, then.
You see here a giant gecko corpse.
You butcher the giant gecko corpse.
m - 2 chunks of flesh {@w0} Eating one of 2 chunks of flesh {@w0}.
You continue eating. x2
Okay, then.
You now have 98 gold pieces (gained 6).
A bat comes into view.
A worm comes into view.
You closely miss the bat. The bat barely misses you.
The bat hits you but does no damage. The bat hits you but does no damage.
You hit the bat but do no damage. The bat misses you.
The bat hits you but does no damage. The bat barely misses you.
The bat closely misses you. The bat barely misses you.
You hit the bat. The bat closely misses you.
The bat hits you but does no damage. The bat closely misses you.
The bat barely misses you.
You barely miss the bat. The bat barely misses you.
The bat hits you but does no damage.
You hit the bat but do no damage. The bat barely misses you.
You barely miss the bat. The bat hits you but does no damage.
You barely miss the bat. The bat hits you but does no damage.
You hit the bat.
You kill the bat!
No target in view!
No target in view!
No target in view!
You see here a bat corpse.
The worm is too close now for your liking.
A goblin comes into view.
The helpless worm fails to defend itself.
You puncture the worm!
You kill the worm!
You have reached level 3!
Your experience leads to an increase in your attributes!
Increase (S)trength, (I)ntelligence, or (D)exterity?
You feel clever.
Your skin feels tougher.
The goblin shouts!
Health restored: 30; MP restored: 6 You see here a worm corpse.
You hit the goblin. The goblin closely misses you.
You closely miss the goblin. The goblin hits you.
You take 3 damage, and have 27/30 hp.
You closely miss the goblin. The goblin hits you but does no damage.
You hit the goblin but do no damage. The goblin hits you.
You take 3 damage, and have 24/30 hp.
You hit the goblin.
You kill the goblin!
No target in view!
No target in view!
Memorise Confuse, consuming 3 spell levels and leaving 0?
You start memorising the spell.
You continue memorising.
You continue memorising. x2
You finish memorising.
Spell assigned to 'c'.
You see here a goblin corpse.
A rat comes into view.
You see here a slice of pizza.
You regained 2 hp, and now have 26/30 hp.
A rat is nearby!
n - a slice of pizza A rat is nearby!
You hit the rat.
You kill the rat!
No target in view!
No target in view!
No target in view!
Found a glowing cloak.
Really slither into a travel-excluded area?
You are engulfed in roaring flames.
Ouch! That really hurt!
You die...

###...### §§.$...§
§...[.§ ..(). #...#
...... .. #§§§# .....
#. #§§§# .... . #§@§#
.... #
.#####...#####..##### #
....(...##........... #
##.................# #
#.................#+###
#####+#................
#..........[.....
#...†..........†.
.......###.####.....


There were no monsters in sight!

Vanquished Creatures
  A worm (D:2)
  A giant gecko (D:2)
  A ball python (D:1)
  4 bats
  4 hobgoblins (D:1)
  A giant newt (D:1)
  3 goblins
  3 kobolds
  7 rats
25 creatures vanquished.

Vanquished Creatures (others)
  A worm (D:2)
  A rat (D:2)
2 creatures vanquished.

Grand Total: 27 creatures vanquished

Notes
Turn   | Place    | Note
--------------------------------------------------------------
     0 | D:1      | SWAGNEMITE the Naga Enchanter began the quest for the Orb.
     0 | D:1      | Reached XP level 1. HP: 15/15 MP: 3/3
   325 | D:1      | Reached XP level 2. HP: 24/24 MP: 5/5
  1024 | D:1      | Learned a level 2 spell: Ensorcelled Hibernation
  1343 | D:2      | Reached XP level 3. HP: 30/30 MP: 6/6
  1355 | D:2      | Learned a level 3 spell: Confuse
  1382 | D:2      | Engulfed by a cloud of flame

Vault maps used:
D:1:      ncdulo_halloftheorcs
D:2:      lemuel_flame_loot_1

Action                   || total
-------------------------++-------
Melee: Dagger            ||    76
 Abil: Spit Poison       ||     1
 Stab: Sleeping          ||    10
  Eat: Chunk             ||     1

Vault maps used:
D:1:      ncdulo_halloftheorcs
D:2:      lemuel_flame_loot_1

Table legend:
 A = Turns spent in this place as a percentage of turns spent in the entire game.
 B = Non-inter-level travel turns spent in this place as a percentage of non-inter-level travel turns spent in the entire game.
 C = Inter-level travel turns spent in this place as a percentage of turns spent in this place.
 D = Turns resting spent in this place as a percentage of non-inter-level travel turns spent in this place.
 E = Turns spent auto-exploring this place as a percentage of non-inter-level travel turns spent in this place.
 F = Non-inter-level travel turns spent in this place divided by the number of levels of this place that you've seen.
                   A       B       C       D       E      F
               +-------+-------+-------+-------+-------+----------------------
         Total | 100.0 | 100.0 |   1.3 |   1.9 |  12.8 | 156.5
       Dungeon | 100.0 | 100.0 |   1.3 |   1.9 |  12.8 | 156.5
               +-------+-------+-------+-------+-------+----------------------

Table legend:
 A = Kills in this place as a percentage of kills in entire the game.
 B = Kills by you in this place as a percentage of kills by you in the entire game.
 C = Kills by friends in this place as a percentage of kills by friends in the entire game.
 D = Other kills in this place as a percentage of other kills in the entire game.
 E = Experience gained in this place as a percentage of experience gained in the entire game.
 F = Experience gained in this place divided by the number of levels of this place that you have seen.
                   A       B       C       D       E      F
               +-------+-------+-------+-------+-------+----------------------
         Total | 100.0 | 100.0 |  -nan |  -nan | 100.0 |  19.5
       Dungeon | 100.0 | 100.0 |  -nan |  -nan | 100.0 |  19.5
               +-------+-------+-------+-------+-------+----------------------
